 Dungeon Crawl Stone Soup version 0.22.0-32-gbc6daba (webtiles) character file.

1428 poirepourri the Thaumaturge (level 8, -1/52 HPs)
             Began as a Mummy Ice Elementalist on Aug 23, 2018.
             Slain by a worker ant (3 damage)
             ... on level 6 of the Dungeon.
             The game lasted 00:09:37 (9785 turns).

poirepourri the Thaumaturge (MuIE)                  Turns: 9785, Time: 00:09:38

Health: -1/52      AC:  3    Str: 12    XL:     8   Next: 44%
Magic:  0/22       EV: 12    Int: 16    God:
Gold:   461        SH:  0    Dex: 12    Spells: 13/27 levels left

rFire    x . .     SeeInvis +   c - +0 short sword
rCold    + . .     Gourm    .   (no shield)
rNeg     + + +     Faith    .   (no armour)
rPois    ∞         Spirit   .   i - +0 helmet
rElec    .         Reflect  .   (no cloak)
rCorr    .         Harm     .   (no gloves)
MR       +....                  b - +1 pair of boots
Stlth    ++........             (no amulet)
HPRegen  0.17/turn              d - ring of see invisible
MPRegen  0.18/turn              (no ring)

@: very slightly contaminated
A: no food or potions, fire vulnerability, cold resistance 1, negative energy
resistance 3, torment resistance, unbreathing
a: no special abilities


You were on level 6 of the Dungeon.
You were not hungry.

You visited 2 branches of the dungeon, and saw 7 of its levels.

You collected 461 gold pieces.

Inventory:

Hand Weapons
 c - a +0 short sword (weapon)
Missiles
 e - 3 tomahawks (quivered)
 m - a throwing net
Armour
 a - a +0 robe
 b - a +1 pair of boots (worn)
 f - a +2 leather armour of cold resistance
 i - a +0 helmet (worn)
Jewellery
 d - a ring of see invisible (left hand)
Wands
 j - a wand of clouds (4)
Scrolls
 g - 2 scrolls of magic mapping
 l - a scroll of identify


   Skills:
 - Level 1.5 Dodging
 - Level 1.5 Stealth
 - Level 10.2 Spellcasting
 - Level 3.0 Conjurations
 + Level 4.9 Ice Magic


You had 13 spell levels left.
You knew the following spells:

 Your Spells              Type           Power        Failure   Level  Hunger
a - Freeze                Ice            ###.         1%          1    N/A
b - Throw Frost           Conj/Ice       ###...       2%          2    N/A
c - Ozocubu's Armour      Chrm/Ice       ###.....     10%         3    N/A
d - Throw Icicle          Conj/Ice       ###.....     17%         4    N/A
e - Summon Ice Beast      Ice/Summ       ###.....     32%         4    N/A

Your spell library contained the following spells:

 Spells                   Type           Power        Failure   Level  Hunger
 Confusing Touch          Hex            #.....       9%          1    N/A
 Confuse                  Hex            #.......     26%         3    N/A
 Gell's Gravitas          Tloc           #.........   26%         3    N/A
 Petrify                  Tmut/Erth      #.......     65%         4    N/A
 Metabolic Englaciation   Hex/Ice        ###.......   65%         5    N/A
 Yara's Violent Unravell  Hex/Tmut       #.........   94%         5    N/A

Dungeon Overview and Level Annotations

Branches:
Dungeon (6/15)             Temple (1/1) D:4

Altars:
Cheibriados
Dithmenos
Elyvilon
Fedhas
Gozag
Hepliaklqana
Kikubaaqudgha
Makhleb
Nemelex Xobeh
Okawaru
Qazlal
Ru
Sif Muna
Trog
Uskayaw
Vehumet
Wu Jian
Xom
Yredelemnul
Zin
The Shining One
Beogh

Annotations:
D:5 3 runed doors, Americanboy's ghost, novice MiFi


Innate Abilities, Weirdness & Mutations

You do not eat or drink.
Your flesh is vulnerable to fire.
You are immune to poison.
Your flesh is cold resistant. (rC+)
You are immune to negative energy. (rN+++)
You are immune to unholy pain and torment.
You can survive without breathing.


Message History

The scroll dissolves into smoke.
The worker ant bites you.
* * * LOW HITPOINT WARNING * * *
Casting: Freeze (safe; 1% risk of failure)
Confirm with . or Enter, or press ? or * to list all spells.
Aiming: Freeze (safe; 1% risk of failure)
Press: ? - help, Shift-Dir - straight line, f - worker ant
Aim: a worker ant (moderately wounded)
You freeze the worker ant.
The worker ant is heavily wounded.
The worker ant misses you.
Casting: Freeze (safe; 1% risk of failure)
Confirm with . or Enter, or press ? or * to list all spells.
Aiming: Freeze (safe; 1% risk of failure)
Press: ? - help, Shift-Dir - straight line, f/p - worker ant
Aim: a worker ant (heavily wounded)
You freeze the worker ant.
The worker ant is almost dead.
The worker ant bites you.
You die...

#### #.. #####
#.#
#§§§####.####...
#§§§§§§a.......#
#§§§####@###...
##§## #.# #.#
#.# #a# # #..
#.#.##### #....#
#.....# .......#
.........#


You could see a worker ant.

Vanquished Creatures
  The ghost of Ymberto the Changer, a novice NaTm (D:4)
  Eustachio (D:4)
  A phantom (D:5)
  An ogre (D:4)
  A bullfrog (D:5)
  A water moccasin skeleton (D:6)
  A scorpion (D:5)
  A howler monkey (D:4)
  A crimson imp (D:5)
  3 hounds (D:5)
  An orc wizard (D:4)
  A jelly (D:5)
  2 orc priests
  An iguana (D:6)
  3 worker ants
  A hound zombie (D:5)
  2 hound skeletons
  A worker ant zombie (D:4)
  Robin (D:3)
  4 gnolls (D:5)
  4 adders
  An ooze (D:1)
  An adder skeleton (D:4)
  A worm (D:2)
  2 leopard geckos (D:1)
  11 orcs
  9 giant cockroaches
  18 goblins
  10 hobgoblins
  14 jackals
  8 kobolds
  3 quokkas
  3 bats
  5 frilled lizards
  8 rats
127 creatures vanquished.

Notes
Turn   | Place    | Note
-------+----------+-------------------------------------------
     0 | D:1      | poirepourri the Mummy Ice Elementalist began the quest for the Orb.
     0 | D:1      | Reached XP level 1. HP: 13/13 MP: 4/4
    80 | D:1      | Reached skill level 3 in Spellcasting
   215 | D:1      | Reached XP level 2. HP: 16/19 MP: 2/6
   256 | D:1      | Learned a level 2 spell: Throw Frost
   528 | D:1      | Reached skill level 4 in Spellcasting
   839 | D:1      | Reached XP level 3. HP: 11/24 MP: 5/8
  1790 | D:2      | Reached skill level 5 in Spellcasting
  2838 | D:2      | Reached XP level 4. HP: 22/30 MP: 6/11
  3425 | D:3      | Learned a level 4 spell: Throw Icicle
  3430 | D:3      | Learned a level 4 spell: Summon Ice Beast
  4176 | D:3      | Reached skill level 6 in Spellcasting
  4305 | D:3      | Learned a level 3 spell: Ozocubu's Armour
  4597 | D:3      | Noticed Robin
  4613 | D:3      | Killed Robin
  4833 | D:4      | Found a runed door.
  4833 | D:4      | Found a staircase to the Ecumenical Temple.
  4932 | D:4      | Reached XP level 5. HP: 32/35 MP: 10/13
  4960 | Temple   | Entered the Ecumenical Temple
  5277 | D:4      | Noticed Eustachio
  5293 | D:4      | Killed Eustachio
  5293 | D:4      | Reached skill level 7 in Spellcasting
  5293 | D:4      | Reached XP level 6. HP: 14/41 MP: 0/16
  5566 | D:4      | Reached skill level 8 in Spellcasting
  6685 | D:4      | Noticed Ymberto's ghost (novice NaTm)
  6937 | D:4      | Killed Ymberto's ghost
  6937 | D:4      | Reached skill level 10 in Spellcasting
  6937 | D:4      | Reached XP level 7. HP: 23/46 MP: 5/20
  6981 | D:4      | Reached skill level 1 in Conjurations
  7244 | D:5      | Entered Level 5 of the Dungeon
  7573 | D:5      | Reached XP level 8. HP: 36/52 MP: 14/22
  8389 | D:5      | Found a runed gate.
  8390 | D:5      | Found a runed gate.
  8390 | D:5      | Noticed Americanboy's ghost (novice MiFi)
  8391 | D:5      | Found a runed gate.
  8393 | D:5      | Found a roughly hewn altar of Beogh.
  9783 | D:6      | HP: 2/52 [worker ant (3)]
  9785 | D:6      | Slain by a worker ant

Skill      XL: |  1  2  3  4  5  6  7  8 |
---------------+-------------------------+-----
Spellcasting   | 3 4 5 6 7 10 | 10.2
Conjurations   | 3 |  3.0
Ice Magic      | 4 |  4.9
Dodging        | |  1.5
Stealth        | |  1.5

Action                   |  1- 3 |  4- 6 |  7- 9 || total
-------------------------+-------+-------+-------++-------
Melee: Unarmed           |     4 |       |       ||     4
       Short sword       |     8 |    69 |    60 ||   137
 Cast: Freeze            |    81 |    98 |    76 ||   255
       Throw Frost       |     2 |    34 |    12 ||    48
       Throw Icicle      |       |       |    12 ||    12
Evoke: Wand              |       |       |     1 ||     1
  Use: Scroll            |     2 |     9 |     3 ||    14
 Stab: Sleeping          |       |     1 |       ||     1
Armor: Robe              |    27 |    60 |       ||    87
       Skin              |       |     3 |    26 ||    29
Dodge: Dodged            |    49 |   125 |   100 ||   274
